 Dungeon Crawl Stone Soup version 0.29-a0-271-gd4eb659eea (webtiles) character file.

Game seed: 6561866799501682902

28606 Cecur the Cruncher (level 13, -2/92 HPs)
             Began as a Formicid Fighter on Mar 8, 2022.
             Was an Elder of Hepliaklqana.
             Slain by a very large slime creature (22 damage)
             ... on level 13 of the Dungeon.
             The game lasted 00:30:35 (16587 turns).

Cecur the Cruncher (Formicid Fighter)              Turns: 16587, Time: 00:30:35

Health: -2/92      AC: 27    Str: 32    XL:     13   Next: 74%
Magic:  22/22      EV: 17    Int: 10    God:    Hepliaklqana [****..]
Gold:   858        SH: 19    Dex: 13    Spells: 12/12 levels left

rFire   . . .      SeeInvis +   l - +5 quarterstaff of Tizyvete {protect, MP+9 Dex+3}
rCold   . . .      Faith    .   y - +2 kite shield {AC+3}
rNeg    . . .      Spirit   .   f - +5 ring mail "Zehohiog" {Int+2}
rPois   .          Reflect  +   (helmet unavailable)
rElec   .          Harm     .   (no cloak)
rCorr   .          Rampage  .   o - +1 pair of gloves
Will    +....                   m - +2 pair of boots {Stlth+}
Stlth   ++++......              e - amulet of reflection
HPRegen 0.25/turn               K - +6 ring of strength
MPRegen 0.18/turn               r - +4 ring of evasion

@: under a protective aura
A: reduced essence, permanent stasis, dig shafts and tunnels, antennae 3, four
strong arms
a: Dig, Shaft Self, Renounce Religion, Recall Ancestor, Ancestor Identity,
Transference, Idealise


You were on level 13 of the Dungeon.
You worshipped Hepliaklqana.
Hepliaklqana was greatly pleased with you.
You visited 2 branches of the dungeon, and saw 16 of its levels.

You collected 1155 gold pieces.
You spent 297 gold pieces at shops.

Inventory:

Hand Weapons
 l - the +5 quarterstaff of Tizyvete (weapon) {protect, MP+9 Dex+3}
   (You found it on level 2 of the Dungeon)

   It grants its wielder temporary protection when it strikes (+7 to AC).
   Dex:       It affects your dexterity (+3).
   MP:        It affects your magic capacity (+9).
 J - the +4 dagger "Riats" {antimagic, rElec Str+4 Int+6}
   (You found it on level 11 of the Dungeon)

   It reduces the magical energy of the wielder, and disrupts the spells and
   magical abilities of those it strikes.
   Natural abilities and divine invocations are not affected.
   Str:       It affects your strength (+4).
   Int:       It affects your intelligence (+6).
   rElec:     It insulates you from electricity.
 O - the +12 pair of quick blades "Gyre" and "Gimble" {protect}
   (You found it on level 12 of the Dungeon)

   It grants its wielder temporary protection when it strikes (+7 to AC).
 P - a +1 arbalest
Missiles
 k - 11 javelins
Armour
 f - the +5 ring mail "Zehohiog" (worn) {Int+2}
   (You bought it in a shop on level 10 of the Dungeon)

   Int:       It affects your intelligence (+2).
 j - a +2 ring mail of poison resistance
 m - a +2 pair of boots of stealth (worn)
 o - a +1 pair of gloves (worn)
 x - a +0 plate armour
 y - a +2 kite shield of protection (worn)
 C - a +0 troll leather armour
Magical Staves
 a - a staff of conjuration
 i - a staff of fire
 Q - a staff of death
Jewellery
 c - a ring of poison resistance
 e - an amulet of reflection (around neck)
 r - a +4 ring of evasion (right hand)
 s - a ring of willpower
 D - a ring of protection from fire
 G - an amulet of the acrobat
 I - an amulet of faith
 K - a +6 ring of strength (left hand)
Wands
 n - a wand of polymorph (16)
 p - a wand of paralysis (4)
 w - a wand of flame (29)
 A - a wand of acid (2)
 E - a wand of digging (3)
 H - a wand of iceblast (12)
 L - a wand of charming (2)
Scrolls
 g - 7 scrolls of blinking
 h - 3 scrolls of fear
 v - a scroll of silence
 B - 3 scrolls of identify
 S - a scroll of enchant armour
 T - a scroll of amnesia {unknown}
Potions
 b - 9 potions of curing
 d - 5 potions of heal wounds
 q - 4 potions of cancellation
 t - a potion of magic
 u - a potion of flight
 z - a potion of invisibility
 F - 2 potions of mutation
 M - 2 potions of lignification
 N - a potion of attraction {unknown}
 R - a potion of brilliance {unknown}


   Skills:
 + Level 10.1 Fighting
 + Level 3.6(9.6) Polearms
 + Level 13.7(13.9) Staves
 + Level 8.2 Armour
 + Level 7.0 Dodging
 + Level 7.8 Stealth
 + Level 11.8 Shields
 + Level 0.6 Unarmed Combat
 + Level 1.3 Evocations


You had 12 spell levels left.
You didn't know any spells.
Your spell library contained the following spells:

 Spells                   Type           Power      Damage    Failure   Level
 Beastly Appendage        Tmut           0%         N/A       65%         1
 Magic Dart               Conj           0%         1d3       65%         1
 Call Imp                 Summ           0%         N/A       78%         2
 Corpse Rot               Necr/Air       0%         N/A       78%         2
 Ensorcelled Hibernation  Hex/Ice        0%         N/A       78%         2
 Static Discharge         Conj/Air       0%         N/A       78%         2
 Wereblood                Tmut           0%         N/A       78%         2
 Confusing Touch          Hex            0%         N/A       95%         3
 Dazzling Flash           Conj/Hex       0%         N/A       95%         3
 Mephitic Cloud           Conj/Pois/Air  0%         N/A       95%         3
 Spider Form              Tmut/Pois      0%         N/A       95%         3
 Anguish                  Hex/Necr       0%         N/A       100%        4
 Dispel Undead            Necr           0%         3d6       100%        4
 Leda's Liquefaction      Hex/Erth       0%         N/A       100%        4
 Sticky Flame             Conj/Fire      0%         2d3       100%        4
 Blade Hands              Tmut           0%         N/A       100%        5
 Irradiate                Conj/Tmut      0%         3d14      100%        5
 Yara's Violent Unravell  Hex/Tmut       0%         3d3       100%        5
 Dragon Form              Tmut           0%         N/A       100%        7
 Enfeeble                 Hex            0%         N/A       100%        7


Dungeon Overview and Level Annotations

Branches:
Dungeon (15/15)            Temple (1/1) D:6            Lair (0/6) D:8
    Orc (0/2) D:12         Vaults (0/5) D:14         Depths (0/4) D:15

Altars:
Ashenzari
Cheibriados
Dithmenos
Elyvilon
Fedhas
Gozag
Hepliaklqana
Kikubaaqudgha
Makhleb
Nemelex Xobeh
Okawaru
Qazlal
Ru
Sif Muna
Trog
Uskayaw
Vehumet
Wu Jian
Xom
Yredelemnul
Zin
The Shining One

Shops:
D:5 :*   D:10 [

Annotations:
D:6 2 runed translucent doors, Crazy Yiuf; siradein's ghost, novice DDNe
D:14 2 transporters, Sennair's ghost, journeyman FoFi


Innate Abilities, Weirdness & Mutations

Your life essence is reduced to manifest your ancestor. (-10% HP)
You cannot be hasted, slowed, berserked, paralysed or teleported.
You can dig through walls and to a lower floor.
You have a pair of large antennae on your head. (SInv)
Your four strong arms can wield two-handed weapons with a shield.


Message History

Tlalli drains the slime creature.
You block the large slime creature's attack.
You bludgeon the large slime creature!!
The large slime creature is moderately wounded.
You block the slime creature's attack.
Two slime creatures merge to form a very large slime creature.
The slime creature hits you.
You bludgeon the very large slime creature!!
The very large slime creature is moderately wounded.
Tlalli hits the slime creature with a +0 dagger of draining!
Tlalli drains the slime creature.
The slime creature hits you but does no damage.
Two slime creatures merge to form a large slime creature.
You barely miss the slime creature.
The slime creature is lightly wounded.
The very large slime creature is no longer covered in acid.
You block the slime creature's attack.
Tlalli hits the large slime creature with a +0 dagger of draining!
You barely miss the slime creature.
The slime creature is lightly wounded.
You block the slime creature's attack.
Tlalli hits the large slime creature with a +0 dagger of draining.
Tlalli drains the large slime creature.
You hit the slime creature.
The slime creature is moderately wounded.
The very large slime creature hits you!
You block the large slime creature's attack.
You hit the slime creature.
The slime creature is moderately wounded.
You block the slime creature's attack.
Tlalli casts a spell at the large slime creature.
The large slime creature resists with significant effort.
The very large slime creature hits you!!!
Ouch! That really hurt!
* * * LOW HITPOINT WARNING * * *
The large slime creature hits you.
* * * LOW HITPOINT WARNING * * *
The very large slime creature attacks as you move away!
The very large slime creature hits you!!
You die...

#.# #### #.#
##### #..## #.#
#...## ###.#
#.###.##.## #.#
#.##.####.## #.#
##....# ##.##
##.# ######....##
##.### ##.##
#........J##
##..###.##
#......>.J@##
##.....#
#........JR.##
##...####
#.J.#######..##
#....... ##..##
##..######...####
##..##
##.........## #
##J.##
#..######## #
#..## #### ##
#[## ###### ##.
#.# ##....##
###.#


You could see the friendly Tlalli the hexer, a very large slime creature, a
large slime creature (drained, ally target) and a slime creature.

Vanquished Creatures
  A fire giant (D:15)
  2 boulder beetles
  2 centaur warriors
  6 two-headed ogres
  3 tengu warriors
  An iron troll (D:14)
  2 deep elf pyromancers
  A salamander (shapeshifter) (D:14)
  5 ugly things
  2 manticores
  A cyclops (D:15)
  Maurice (D:8)
  2 gargoyles (D:12)
  2 kobold demonologists (D:11)
  A komodo dragon (D:12)
  An unseen horror (D:12)
  A yaktaur (shapeshifter) (D:15)
  3 tengu conjurers
  2 trolls (D:10)
  Prince Ribbit (D:8)
  5 slime creatures
  2 centaur simulacra (D:13)
  A vampire (D:14)
  9 yaks
  2 wyverns
  3 wraiths
  2 basilisks
  3 steam dragons
  8 vampire mosquitoes
  Menkaure (D:6)
  An acid dragon (D:10)
  3 water moccasins
  An orc warrior (D:8)
  2 ice beasts (D:7)
  2 black bears
  2 ogres
  5 centaurs
  2 phantoms (D:6)
  7 bullfrogs
  A kobold brigand (D:7)
  A gnoll sergeant (D:7)
  A killer bee (D:8)
  8 howler monkeys
  3 hounds
  5 orc priests
  A jelly (D:7)
  A gnoll shaman (D:8)
  Ijyb (D:4)
  A hexer (D:11)
  3 iguanas
  6 orc wizards
  Natasha (thrice) (D:2)
  Robin (D:3)
  10 gnolls
  8 adders
  2 white imps
  A worm (D:5)
  5 dart slugs
  32 orcs
  5 bats
  5 endoplasms
  2 giant cockroaches (D:1)
  7 goblins
  11 hobgoblins
  6 quokkas
  7 ball pythons
  3 frilled lizards (D:1)
  10 kobolds
  5 rats
256 creatures vanquished.

Vanquished Creatures (collateral kills)
  A centaur warrior (D:15)
  A boulder beetle (D:13)
  A hydra (D:13)
  An ugly thing (D:11)
  A troll (D:12)
  2 slime creatures (D:14)
  A wraith (D:13)
  A redback (D:13)
  An acid dragon (D:11)
  A kobold brigand (D:11)
  A howler monkey (D:13)
12 creatures vanquished.

Vanquished Creatures (others)
  A slime creature (D:13)
  4 hexers
  2 ancestors
7 creatures vanquished.

Grand Total: 275 creatures vanquished

Notes
Turn   | Place    | Note
-------+----------+-------------------------------------------
     0 | D:1      | Cecur the Formicid Fighter began the quest for the Orb.
     0 | D:1      | Reached XP level 1. HP: 18/18 MP: 1/1
   144 | D:1      | Reached XP level 2. HP: 19/24 MP: 2/2
   506 | D:1      | Reached XP level 3. HP: 29/29 MP: 3/3
   561 | D:1      | Found a faded altar of an unknown god.
  1202 | D:2      | Reached XP level 4. HP: 37/37 MP: 4/4
  1290 | D:2      | Identified the +5 quarterstaff of Tizyvete {protect, MP+9
                  | Dex+3}
  1461 | D:2      | Noticed Natasha
  1467 | D:2      | Killed Natasha
  1702 | D:2      | Noticed Natasha
  1707 | D:2      | Killed Natasha
  1708 | D:2      | Reached XP level 5. HP: 36/42 MP: 5/5
  1784 | D:2      | Noticed Natasha
  1810 | D:2      | Killed Natasha
  1811 | D:2      | Reached skill level 1 in Dodging
  2471 | D:3      | Noticed Robin
  2489 | D:3      | Killed Robin
  2571 | D:3      | Reached skill level 1 in Staves
  2671 | D:3      | Reached XP level 6. HP: 48/48 MP: 6/6
  2696 | D:3      | Noticed an ogre
  2726 | D:4      | Found a blossoming altar of Fedhas.
  2726 | D:4      | Found a stormy altar of Qazlal.
  3207 | D:4      | Noticed Ijyb
  3208 | D:4      | Noticed an ogre
  3214 | D:4      | Killed Ijyb
  3222 | D:4      | Killed an ogre
  3223 | D:4      | Reached skill level 2 in Staves
  3223 | D:4      | Reached skill level 1 in Stealth
  3627 | D:3      | Killed an ogre
  3628 | D:3      | Reached XP level 7. HP: 26/54 MP: 7/7
  4248 | D:5      | Entered Level 5 of the Dungeon
  4336 | D:5      | Reached skill level 3 in Staves
  4679 | D:5      | Found Orust's General Store.
  4679 | D:5      | Found Ablig's Book Emporium.
  4728 | D:5      | Reached skill level 5 in Fighting
  5099 | D:6      | Noticed siradein's ghost (novice DDNe)
  5099 | D:6      | Found a runed translucent door.
  5126 | D:6      | Found a runed translucent door.
  5127 | D:6      | Noticed Crazy Yiuf
  5167 | D:6      | Reached skill level 4 in Staves
  5167 | D:6      | Reached skill level 5 in Armour
  5167 | D:6      | Reached XP level 8. HP: 50/62 MP: 8/8
  5232 | D:6      | Found an opulent altar of Gozag.
  5342 | D:6      | Noticed Menkaure
  5365 | D:6      | Killed Menkaure
  5366 | D:6      | Reached skill level 5 in Staves
  5366 | D:6      | Reached skill level 5 in Shields
  5938 | D:6      | Found a staircase to the Ecumenical Temple.
  5991 | D:6      | Found a bloodstained altar of Trog.
  6132 | Temple   | Entered the Ecumenical Temple
  6160 | Temple   | Became a worshipper of Hepliaklqana the Forgotten
  6524 | D:7      | Reached XP level 9. HP: 35/68 MP: 9/9
  6684 | D:7      | Reached skill level 6 in Staves
  6798 | D:7      | Found an iron altar of Okawaru.
  7074 | D:7      | Found a glowing golden altar of the Shining One.
  7736 | D:8      | Reached skill level 7 in Staves
  7815 | D:8      | Noticed Prince Ribbit
  7847 | D:8      | Killed Prince Ribbit
  8158 | D:8      | Found a staircase to the Lair.
  8191 | D:8      | Reached XP level 10. HP: 76/77 MP: 10/10
  8308 | D:8      | Noticed Maurice
  8325 | D:8      | Killed Maurice
  8326 | D:8      | Reached skill level 8 in Staves
  8385 | D:8      | Noticed a two-headed ogre
  8407 | D:8      | Killed a two-headed ogre
  8411 | D:8      | Reached skill level 9 in Staves
  9088 | D:9      | Reached * piety under Hepliaklqana
  9167 | D:9      | Found an ancient bone altar of Kikubaaqudgha.
  9377 | D:9      | Reached XP level 11. HP: 22/75 MP: 11/11
  9715 | D:9      | Noticed a two-headed ogre
  9722 | D:9      | Killed a two-headed ogre
  9723 | D:9      | Reached skill level 10 in Staves
 10062 | D:10     | Entered Level 10 of the Dungeon
 10247 | D:10     | Found Puggizon's Antique Armour Emporium.
 10258 | D:10     | Bought a faintly glowing ring mail for 297 gold pieces
 10258 | D:10     | Identified the +5 ring mail "Zehohiog" {Int+2} (You bought
                  | it in a shop on level 10 of the Dungeon)
 10581 | D:10     | Found a hide-covered altar of Uskayaw.
 10769 | D:10     | Reached ** piety under Hepliaklqana
 10770 | D:10     | Remembered your ancestor Tlalli as a hexer
 10940 | D:11     | Identified the +4 dagger "Riats" {antimagic, rElec Str+4
                  | Int+6}
 10996 | D:11     | Noticed a two-headed ogre
 11004 | D:11     | Killed a two-headed ogre
 11005 | D:11     | Reached skill level 5 in Stealth
 11033 | D:11     | Noticed a soul eater
 11058 | D:11     | Noticed a brown ugly thing
 11073 | D:11     | Killed a brown ugly thing
 11096 | D:11     | Noticed a centaur warrior
 11116 | D:11     | Killed a centaur warrior
 11117 | D:11     | Reached skill level 11 in Staves
 11346 | D:11     | Noticed a boulder beetle
 11369 | D:11     | Killed a boulder beetle
 11370 | D:11     | Reached skill level 5 in Dodging
 11575 | D:11     | Reached XP level 12. HP: 64/82 MP: 12/12
 12245 | D:12     | Found the +12 pair of quick blades "Gyre" and "Gimble"
                  | {protect}
 12345 | D:12     | Found a staircase to the Orcish Mines.
 12535 | D:12     | Noticed a two-headed ogre
 12553 | D:12     | Killed a two-headed ogre
 12578 | D:12     | Reached *** piety under Hepliaklqana
 12874 | D:12     | Noticed a two-headed ogre
 12885 | D:12     | Killed a two-headed ogre
 12886 | D:12     | Reached skill level 12 in Staves
 12886 | D:12     | Reached skill level 10 in Shields
 13368 | D:13     | Noticed a four-headed hydra
 13377 | D:13     | Killed a four-headed hydra
 13462 | D:13     | Noticed a boulder beetle
 13477 | D:13     | Killed a boulder beetle
 13607 | D:13     | Noticed a tengu warrior
 13626 | D:13     | Killed a tengu warrior
 13827 | D:13     | Found a sparkling altar of Nemelex Xobeh.
 14072 | D:14     | Noticed a centaur warrior
 14072 | D:14     | Found a transporter.
 14073 | D:14     | Noticed a tengu warrior
 14075 | D:14     | Noticed a tengu warrior
 14076 | D:14     | Noticed Sennair's ghost (journeyman FoFi)
 14121 | D:14     | Killed a tengu warrior
 14122 | D:14     | Reached XP level 13. HP: 73/90 MP: 13/13
 14521 | D:14     | Found a transporter.
 14523 | D:14     | Noticed a stone giant
 14529 | D:14     | Reached skill level 13 in Staves
 14610 | D:14     | Noticed an anaconda
 14610 | D:14     | a shock serpent changed into an anaconda
 14630 | D:14     | an anaconda changed into a mana viper
 14668 | D:14     | Got the Disquisition on Flying Execration
 14694 | D:14     | Noticed an ice dragon
 15064 | D:14     | Found a gate to the Vaults.
 15095 | D:14     | Noticed a fire dragon
 15097 | D:14     | Noticed an entropy weaver
 15206 | D:14     | Noticed a frost giant
 15213 | D:14     | Noticed a minotaur
 15214 | D:14     | Noticed a dire elephant
 15214 | D:14     | a frost giant changed into a dire elephant
 15304 | D:15     | Entered Level 15 of the Dungeon
 15330 | D:15     | Found a staircase to the Depths.
 15331 | D:15     | Noticed a fire giant
 15344 | D:15     | Killed a fire giant
 15345 | D:15     | Reached skill level 10 in Fighting
 15345 | D:15     | Reached skill level 1 in Evocations
 15472 | D:15     | Reached **** piety under Hepliaklqana
 15556 | D:15     | Noticed a boulder beetle
 15575 | D:15     | Killed a boulder beetle
 15770 | D:15     | Noticed a centaur warrior
 15784 | D:15     | Killed a centaur warrior
 15934 | D:15     | Noticed a centaur warrior
 15943 | D:15     | Killed a centaur warrior
 16587 | D:13     | Slain by a very large slime creature

Illustrated notes

Levels and vault maps discovered:
D:1:      dpeg_arrival_castle, layout_basic, chequers_ecumenical_altar_simple
D:2:      layout_basic, uniq_natasha
D:3:      layout_loops_corners, uniq_robin
D:4:      layout_loops_ring, grunt_temple_overflow_forces_of_nature, uniq_ijyb
D:5:      layout_cave_pods, st_stairs_1, nicolae_wooded_promenade
D:6:      layout_cave_pools, nicolae_gozag_seed_capital, trog_book,
          minmay_temple_entry_poolview, hellmonk_ghost_happy_afterlife,
          nrook_campfire, uniq_menkaure, uniq_crazy_yiuf_cottage
D:7:      layout_loops_ring, okawaru_gym_becter, tso_metal_star
D:8:      minmay_razor_zed, layout_rooms, lair_entry_dummy,
          grunt_decor_resistance, uniq_maurice, uniq_prince_ribbit1
D:9:      layout_basic, nicolae_kikubaaqudgha_miasma_corner
D:10:     layout_basic, lemuel_tele_altar, serial_shops, shop
D:11:     layout_irregular_city
D:12:     layout_roguey, chequers_serial_rivers_room_b
D:13:     layout_layer_cave, minmay_ruined_shrine
D:14:     layout_big_octagon, david_vaults_4, minmay_tree_intersection,
          gammafunk_ghost_arena
D:15:     grunt_enter_depths_giant_problem, layout_loops_corners,
          chequers_avenue
Temple:   dpeg_chambers_temple

Skill      XL: |  1  2  3  4  5  6  7  8  9 10 11 12 13 |
---------------+----------------------------------------+-----
Shields        | 4 5 6 8 9 10 11 | 11.8
Polearms       | 3 |  3.6
Armour         | 4 5 6 7 8 |  8.2
Dodging        | 1 2 3 4 5 6 7 |  7.0
Staves         | 1 2 4 5 7 9 11 12 13 | 13.7
Fighting       | 4 5 6 7 8 9 10 | 10.1
Stealth        | 2 3 4 5 7 |  7.8
Evocations     | 1 |  1.3
Unarmed Combat | |  0.6

Action                   |  1- 3 |  4- 6 |  7- 9 | 10-12 | 13-15 || total
-------------------------+-------+-------+-------+-------+-------++-------
Melee: Trident           |    85 |     1 |       |       |       ||    86
       Quarterstaff      |       |   117 |   276 |   458 |   151 ||  1002
       Unarmed           |       |     8 |       |       |       ||     8
Invok: Ancestor Life: He |       |       |       |     1 |       ||     1
 Abil: Dig               |       |     2 |       |       |       ||     2
Evoke: Wand              |       |     1 |       |     2 |     8 ||    11
  Use: Potion            |       |     1 |     4 |     1 |       ||     6
       Scroll            |       |       |       |    20 |     1 ||    21
 Stab: Sleeping          |       |     4 |     7 |     2 |     4 ||    17
       Paralysed         |       |     3 |       |       |       ||     3
       Confused          |       |       |       |     7 |     1 ||     8
       Distracted        |       |       |       |     5 |     4 ||     9
Armor: Scale mail        |    27 |    10 |       |       |       ||    37
       Ring mail         |       |    31 |    94 |   134 |    29 ||   288
       Skin              |       |     2 |       |       |       ||     2
Dodge: Dodged            |    33 |    52 |    91 |   185 |    49 ||   410
Block: Buckler           |    24 |    54 |   128 |   216 |       ||   422
       Reflection        |       |     3 |     3 |    17 |     3 ||    26
       Kite shield       |       |       |       |       |    86 ||    86

Table legend: (Time is in decaauts)
 A = Elapsed time spent in this place.
 B = Non-inter-level travel time spent in this place.
 C = Inter-level travel time spent in this place.
 D = Time resting spent in this place.
 E = Time spent auto-exploring this place.
 F = Levels seen in this place.
 G = Mean time per level.
                   A        B        C        D        E       F      G
               +--------+--------+--------+--------+--------+-----+--------+
         Total |  16492 |  15857 |    635 |    612 |  12651 |  16 | 1030.8 |
       Dungeon |  16228 |  15624 |    604 |    612 |  12433 |  15 | 1081.9 |
        Temple |    263 |    232 |     31 |      0 |    218 |   1 |  263.0 |
               +--------+--------+--------+--------+--------+-----+--------+

Top non-repeatable levels by time:
     D:2: 1339 daAuts
    D:11: 1293 daAuts
     D:8: 1287 daAuts
     D:7: 1268 daAuts
    D:14: 1217 daAuts
     D:6: 1079 daAuts
     D:9: 1049 daAuts
    D:15: 1047 daAuts
    D:12: 1042 daAuts
     D:3: 1035 daAuts
     D:1: 980 daAuts
    D:13: 958 daAuts
     D:4: 942 daAuts
     D:5: 853 daAuts
    D:10: 832 daAuts
